 Dungeon Crawl Stone Soup version 0.26-a0-812-g31a745ddcd (webtiles) character file.

Game seed: 10812835531481677148

9909 kae the Grappler (level 11, -1/111 HPs)
             Began as a Troll Fighter on Dec 7, 2020.
             Was a Priest of Wu Jian.
             Slain by a nine-headed hydra (16 damage)
             ... on level 1 of the Lair of Beasts.
             The game lasted 00:07:32 (9237 turns).

kae the Grappler (Troll Fighter)                    Turns: 9237, Time: 00:07:33

Health: -1/111     AC:  8    Str: 27    XL:     11   Next: 29%
Magic:  10/10      EV: 19    Int:  6    God:    Wu Jian [***...]
Gold:   1911       SH:  0    Dex: 15    Spells: 10/10 levels left

rFire    . . .     SeeInvis .     - Unarmed
rCold    . . .     Faith    .   (no shield)
rNeg     . . .     Spirit   .   a - +2 robe
rPois    .         Reflect  .   (helmet restricted)
rElec    .         Harm     .   (no cloak)
rCorr    .         Rampage  .   (gloves unavailable)
MR       .....                  (boots unavailable)
Stlth    +.........             (no amulet)
HPRegen  0.68/turn              w - +4 ring of evasion
MPRegen  0.12/turn              o - +6 ring of dexterity

@: no status effects
A: large, unfitting armour, claws 3, regeneration 1, shaggy fur 1, tough skin 3
a: Wall Jump, Serpent's Lash, Renounce Religion


You were on level 1 of the Lair of Beasts.
You worshipped Wu Jian.
Wu Jian was most pleased with you.
You visited 3 branches of the dungeon, and saw 13 of its levels.

You collected 1911 gold pieces.

Inventory:

Armour
 a - a +2 robe (worn)
 b - a +0 kite shield
Jewellery
 o - a +6 ring of dexterity (right claw)
 w - a +4 ring of evasion (left claw)
 C - an uncursed ring of ice
 K - a +4 ring of evasion
 P - an uncursed ring of positive energy
Wands
 c - a wand of iceblast (7)
 d - a wand of digging (4)
 f - a wand of polymorph (8)
 y - a wand of disintegration (8)
 B - a wand of enslavement (8)
 D - a wand of random effects (35)
 N - a wand of paralysis (11)
 O - a wand of flame (24)
Scrolls
 e - 7 scrolls of remove curse
 k - a scroll of immolation
 p - a scroll of fear
 q - 6 scrolls of enchant armour
 s - 2 scrolls of enchant weapon
 u - 2 scrolls of fog
 x - a scroll of teleportation
 z - a scroll of identify
 A - 5 scrolls of magic mapping
 Q - a scroll of blinking
Potions
 g - 3 potions of brilliance
 h - 2 potions of lignification {unknown}
 i - 3 potions of resistance
 j - 3 potions of flight {unknown}
 l - 2 potions of heal wounds {unknown}
 m - 5 potions of haste
 n - 2 potions of curing
 r - 2 potions of mutation
 t - 2 potions of ambrosia
 v - 2 potions of invisibility
 E - 3 potions of attraction
 F - a potion of might
 G - a potion of berserk rage
 M - 2 potions of cancellation


   Skills:
 + Level 7.9 Fighting
 + Level 7.9 Dodging
 - Level 2.4 Shields
 * Level 12.5 Unarmed Combat


You had 10 spell levels left.
You didn't know any spells.
Your spell library contained the following spells:

 Spells                   Type           Power        Failure   Level
 Beastly Appendage        Tmut           #.....       45%         1
 Summon Small Mammal      Summ           #...         45%         1
 Call Imp                 Summ           #.......     58%         2
 Wereblood                Tmut           #.......     58%         2
 Call Canine Familiar     Summ           #.......     83%         3
 Spider Form              Tmut/Pois      #.........   83%         3
 Summon Guardian Golem    Hex/Summ       #.......     83%         3
 Ice Form                 Ice/Tmut       #.......     99%         4
 Summon Ice Beast         Ice/Summ       #.......     99%         4
 Summon Lightning Spire   Summ/Air       #.......     99%         4
 Blade Hands              Tmut           #.........   100%        5
 Haunt                    Necr/Summ      #.........   100%        7
 Borgnjor's Revivificati  Necr           #.........   100%        8
 Infestation              Necr           #.........   100%        8
 Necromutation            Tmut/Necr      #.........   100%        8
 Death's Door             Necr           #.........   100%        9


Dungeon Overview and Level Annotations

Branches:
Dungeon (11/15)            Temple (1/1) D:5            Lair (1/6) D:8
    Orc: D:9-12

Altars:
Ashenzari
Cheibriados
Dithmenos
Elyvilon
Fedhas
Gozag
Hepliaklqana
Kikubaaqudgha
Makhleb
Nemelex Xobeh
Okawaru
Qazlal
Ru
Sif Muna
Trog
Uskayaw
Vehumet
Wu Jian
Xom
Yredelemnul
Zin
The Shining One

Shops:
D:8 (


Innate Abilities, Weirdness & Mutations

You are too large for most types of armour.
You have claws for hands.
Your natural rate of healing is unusually fast.
You are covered in fur. (AC +1)
You have extremely tough skin. (AC +3)


Message History

The six-headed hydra grows two more!
You mangle the eight-headed hydra!!
The eight-headed hydra is moderately wounded.
The eight-headed hydra bites you! x2
* * * LOW HITPOINT WARNING * * *
The eight-headed hydra closely misses you.
The eight-headed hydra bites you.
* * * LOW HITPOINT WARNING * * *
The eight-headed hydra completely misses you.
The eight-headed hydra bites you!
* * * LOW HITPOINT WARNING * * *
The eight-headed hydra bites you.
* * * LOW HITPOINT WARNING * * *
The eight-headed hydra barely misses you.
You claw one of the eight-headed hydra's heads off!
The seven-headed hydra grows two more!
You mangle the nine-headed hydra!! You claw the nine-headed hydra!
The nine-headed hydra is heavily wounded.
The nine-headed hydra closely misses you.
The nine-headed hydra bites you!
You die...

#.......... ##..........
P.......... #....(.....
#.......... #..........
###..D.......
..##P...@.(..?..
................
.........#.##..#
.#####..### .# #...#
#..# ..# ##..## #..####
..# ####....#
#..##.###.[##
.........###..........P#
........................


You could see a nine-headed hydra.

Vanquished Creatures
  A hydra (D:11)
  2 two-headed ogres
  2 gargoyles (D:11)
  A cane toad (Lair:1)
  A centaur skeleton (D:11)
  A hornet (D:11)
  A steam dragon (D:8)
  An acid dragon (D:11)
  A soldier ant (D:11)
  9 orc warriors
  4 ice beasts
  4 sky beasts
  A black bear (D:7)
  2 phantoms
  5 ogres
  9 centaurs
  Blork the orc (D:4)
  7 bullfrogs
  2 scorpions
  A killer bee (D:11)
  25 wights
  2 howler monkeys
  A bullfrog zombie (D:10)
  8 hounds
  A jelly (D:5)
  A centaur zombie (D:11)
  8 orc priests
  A bullfrog skeleton (D:11)
  4 iguanas
  Terence (D:2)
  11 worker ants
  8 orc wizards
  2 hound zombies (D:5)
  10 gnolls
  11 adders
  A shadow imp (D:8)
  A white imp (D:8)
  An ufetubus (D:6)
  An ooze (D:1)
  2 adder skeletons
  4 worms
  2 dart slugs
  2 leopard geckos
  42 orcs
  A ball python (D:5)
  5 giant cockroaches
  8 goblins
  9 hobgoblins
  12 jackals
  5 quokkas
  8 bats
  7 frilled lizards
  13 kobolds
  2 leopard gecko skeletons
  6 rats
282 creatures vanquished.

Vanquished Creatures (others)
  An orc priest (D:8)
  2 orcs (D:8)
  4 fungi (D:8)
  5 plants
12 creatures vanquished.

Grand Total: 294 creatures vanquished

Notes
Turn   | Place    | Note
-------+----------+-------------------------------------------
     0 | D:1      | kae the Troll Fighter began the quest for the Orb.
     0 | D:1      | Reached XP level 1. HP: 22/22 MP: 0/0
   187 | D:1      | Reached XP level 2. HP: 21/29 MP: 1/1
   357 | D:1      | Reached XP level 3. HP: 36/36 MP: 2/2
   498 | D:1      | Reached skill level 3 in Unarmed Combat
   858 | D:1      | Reached XP level 4. HP: 33/44 MP: 3/3
  1007 | D:2      | Found a sparkling altar of Nemelex Xobeh.
  1275 | D:2      | Noticed Terence
  1279 | D:2      | Killed Terence
  1279 | D:2      | Reached skill level 4 in Unarmed Combat
  1279 | D:2      | Reached XP level 5. HP: 46/53 MP: 4/4
  1762 | D:3      | Noticed a sky beast
  1780 | D:3      | Killed a sky beast
  1932 | D:3      | Reached XP level 6. HP: 61/61 MP: 5/5
  2444 | D:4      | Noticed Blork the orc
  2451 | D:4      | Killed Blork the orc
  2451 | D:4      | Reached skill level 5 in Unarmed Combat
  2800 | D:5      | Entered Level 5 of the Dungeon
  2808 | D:5      | Found an ancient bone altar of Kikubaaqudgha.
  2808 | D:5      | Found a sacrificial altar of Ru.
  2815 | D:5      | Reached XP level 7. HP: 56/68 MP: 6/6
  2937 | D:5      | Reached skill level 6 in Unarmed Combat
  3067 | D:5      | Found a staircase to the Ecumenical Temple.
  3152 | D:5      | HP: 2/71 [wight/+0 flail (10)]
  3283 | D:5      | Found a shadowy altar of Dithmenos.
  3401 | D:5      | Reached XP level 8. HP: 79/79 MP: 7/7
  3463 | Temple   | Entered the Ecumenical Temple
  3606 | Temple   | Became a worshipper of the Wu Jian Council
  3691 | D:6      | Reached skill level 7 in Unarmed Combat
  4040 | D:6      | Found a shimmering altar of Xom.
  4540 | D:7      | Reached skill level 5 in Fighting
  4550 | D:7      | Reached skill level 5 in Dodging
  4558 | D:7      | Reached * piety under Wu Jian
  4562 | D:7      | Reached skill level 8 in Unarmed Combat
  4804 | D:7      | Reached XP level 9. HP: 88/88 MP: 8/8
  5017 | D:7      | Reached skill level 9 in Unarmed Combat
  5065 | D:8      | Noticed a two-headed ogre
  5176 | D:7      | Killed a two-headed ogre
  5464 | D:7      | Reached skill level 10 in Unarmed Combat
  5502 | D:8      | Reached ** piety under Wu Jian
  5846 | D:8      | Found a staircase to the Lair.
  5852 | D:8      | Reached XP level 10. HP: 69/100 MP: 9/9
  5917 | D:8      | Found the +8 lance "Wyrmbane" {slay drac, rPois rF+ rC+
                  | AC+3}
  5969 | D:8      | Found a glowing silver altar of Zin.
  6053 | D:8      | Found Edesch's Weapon Boutique.
  6340 | D:9      | Found a glowing golden altar of the Shining One.
  6904 | D:10     | Entered Level 10 of the Dungeon
  7178 | D:10     | Reached *** piety under Wu Jian
  7274 | D:10     | Reached skill level 11 in Unarmed Combat
  7506 | D:10     | Noticed a two-headed ogre
  7512 | D:10     | Killed a two-headed ogre
  7734 | D:11     | Noticed a gargoyle
  7740 | D:11     | Killed a gargoyle
  8127 | D:11     | Noticed a five-headed hydra
  8128 | D:11     | Noticed a gargoyle
  8133 | D:11     | Noticed a two-headed ogre
  8146 | D:11     | Reached skill level 12 in Unarmed Combat
  8147 | D:11     | Killed a five-headed hydra
  8147 | D:11     | Reached XP level 11. HP: 53/110 MP: 10/10
  8293 | D:10     | HP: 1/111 [two-headed ogre/+0 giant club (10)]
  8824 | D:11     | Noticed a skeletal warrior
  9011 | Lair:1   | Entered Level 1 of the Lair of Beasts
  9013 | Lair:1   | Identified a scroll of acquirement
  9013 | Lair:1   | Acquired 1244 gold pieces
  9230 | Lair:1   | Noticed a five-headed hydra
  9237 | Lair:1   | Slain by a nine-headed hydra

Illustrated notes

Levels and vault maps discovered:
D:1:      heliophobic_arrival_glass_houses, layout_basic
D:2:      layout_rooms, nemelex_altar_shiori, minmay_pentomino_v4, uniq_terence
D:3:      layout_loops_corners
D:4:      layout_gridville, uniq_blork_the_orc
D:5:      layout_rooms, chequers_temple_overflow_statue_of_worship,
          minmay_temple_entry_statues, nicolae_dithmenos_the_darkroom
D:6:      layout_basic, nicolae_overflow_crystal_walls, dk_rats_in_the_wall
D:7:      layout_basic
D:8:      layout_rooms, zin_statuary, grunt_lair_entry_orc_guard_hut,
          serial_shops, shop
D:9:      layout_loops_ring, nicolae_tso_carved_into_rock
D:10:     layout_basic
D:11:     minmay_the_grid_triangle_9x9_rhombus_full_mashed
          [minmay_the_grid_triangle_9x9_semitri,
          minmay_the_grid_triangle_9x9_empty,
          minmay_the_grid_triangle_9x9_corrupted_corridor,
          minmay_the_grid_triangle_9x9_swiss_cheese,
          minmay_the_grid_triangle_9x9_skeleton,
          minmay_the_grid_triangle_9x9_flanged_cone,
          minmay_the_grid_triangle_9x9_impossible_snake,
          minmay_the_grid_triangle_9x9_prize_top_heavy], layout_stronghold
Temple:   regret_index_temple_sphere_string
Lair:1:   layout_small_grid

Skill      XL: |  1  2  3  4  5  6  7  8  9 10 |
---------------+-------------------------------+-----
Unarmed Combat | 3 4 5 6 8 10 12 | 12.5
Fighting       | 3 4 5 6 7 |  7.9
Dodging        | 3 4 5 6 7 |  7.9
Shields        | |  2.4

Action                   |  1- 3 |  4- 6 |  7- 9 | 10-12 || total
-------------------------+-------+-------+-------+-------++-------
Melee: Unarmed           |   114 |   160 |   326 |   257 ||   857
       Punch             |     2 |     1 |    11 |    16 ||    30
Invok: Lunge             |       |       |    25 |    21 ||    46
       Whirlwind         |       |       |    12 |    10 ||    22
 Abil: Wall Jump         |       |       |       |     1 ||     1
Evoke: Wand              |       |       |       |     4 ||     4
  Use: Scroll            |       |    12 |     2 |    12 ||    26
       Potion            |       |     3 |       |     1 ||     4
 Stab: Sleeping          |       |     1 |     2 |     1 ||     4
       Distracted        |       |       |     1 |       ||     1
Armor: Robe              |    65 |    48 |    79 |    63 ||   255
Dodge: Dodged            |   100 |    79 |   175 |   155 ||   509
Block: Kite shield       |     1 |       |       |       ||     1

Table legend: (Time is in decaauts)
 A = Elapsed time spent in this place.
 B = Non-inter-level travel time spent in this place.
 C = Inter-level travel time spent in this place.
 D = Time resting spent in this place.
 E = Time spent auto-exploring this place.
 F = Levels seen in this place.
 G = Mean time per level.
                   A        B        C        D        E       F      G
               +--------+--------+--------+--------+--------+-----+--------+
         Total |   9147 |   8703 |    444 |   1172 |   5885 |  13 |  703.6 |
       Dungeon |   8756 |   8361 |    395 |   1172 |   5577 |  11 |  796.0 |
        Temple |    171 |    124 |     47 |      0 |    122 |   1 |  171.0 |
          Lair |    218 |    218 |      0 |      0 |    186 |   1 |  218.0 |
               +--------+--------+--------+--------+--------+-----+--------+

Top non-repeatable levels by time:
    D:11: 1114 daAuts
     D:7: 940 daAuts
    D:10: 931 daAuts
     D:3: 905 daAuts
     D:6: 851 daAuts
     D:1: 765 daAuts
     D:9: 744 daAuts
     D:8: 712 daAuts
     D:5: 676 daAuts
     D:4: 573 daAuts
     D:2: 541 daAuts
  Lair:1: 218 daAuts
  Temple: 171 daAuts
